 Dungeon Sprint DCSS version 0.31-a0-851-g7ff8af7976 (webtiles) character file.

Game seed: 10739583533295555168

898 AiryTheDragon the Mimic (level 7, -1/57 HPs)
             Began as a Red Draconian Shapeshifter on Oct 8, 2023.
             Was a Follower of the Shining One.
             Slain by a red devil
             ... wielding a +0 trident
             ... summoned by a kobold demonologist
              (17 damage)
             ... in the Dungeon (Sprint I: "Red Sonja").
             The game lasted 00:06:37 (254 turns).

AiryTheDragon the Mimic (Red Draconian Shapeshifter) Turns: 254, Time: 00:06:40

Health: -1/57      AC:  6    Str: 16    XL:     7   Next: 79%
Magic:  5/7        EV: 13    Int: 10    God:    the Shining One [*.....]
Gold:   316        SH:  0    Dex: 13    Spells: 6/6 levels left

rFire   + . .        k - melded +0 scythe
rCold   . . .        (shield currently unavailable)
rNeg    . . .        (body armour unavailable)
rPois   .            (helmet restricted)
rElec   .            (no cloak)
rCorr   .            (no gloves)
SInv    .            (no boots)
Will    .....        (no amulet)
Stlth   +            (no ring)
HPRegen 0.29/turn    (no ring)
MPRegen 0.10/turn

%: no teleportation
@: short of breath, flux-form, spiked, glowing
A: glow, contaminating, breathe fire, AC +6, unfitting armour, fire resistance
1, cold-blooded
a: Breathe Fire, Begin Untransformation, Renounce Religion, Divine Shield


You were in the Dungeon.
You worshipped the Shining One.
The Shining One was aware of your devotion.
You were something dangerously unstable.
You visited 1 branch You collected 446 gold pieces.
You spent 130 gold pieces at shops.

Inventory:

Hand Weapons
 j - a +0 dagger
 k - a +0 scythe (melded)
Missiles
 l - 5 boomerangs
Talismans
 b - a beast talisman
 c - a flux talisman (active)
Wands
 h - a wand of charming (5)
Scrolls
 i - a scroll of blinking
Potions
 a - a potion of lignification
 d - a potion of curing
 f - a potion of haste
 g - 2 potions of magic


   Skills:
 + Level 3.2 Fighting
 + Level 3.9 Polearms
 + Level 4.7 Dodging
 + Level 10.3 Unarmed Combat
 + Level 5.6 Evocations
 + Level 10.4 Shapeshifting


You had 6 spell levels left.
You didn't know any spells.
Your spell library was empty.

Dungeon Overview and Level Annotations

Branches:
Dungeon (1/1)

Altars:
Cheibriados
Dithmenos
Elyvilon
Fedhas
Gozag
Hepliaklqana
Kikubaaqudgha
Makhleb
Nemelex Xobeh
Okawaru
Qazlal
Ru
Sif Muna
Trog
Uskayaw
Vehumet
Wu Jian
Xom
Yredelemnul
Zin
The Shining One
Jiyva
Lugonu

Shops:
D (


Innate Abilities, Weirdness & Mutations

You are something dangerously unstable.
You glow with magical radiation, making you easy to see and hit.
Foes you strike become dangerously contaminated with magical radiation.
You are incapable of wielding weapons or throwing items.
You can breathe blasts of fire.
Your fiery red scales are hard. (AC +6)
You cannot fit into any form of body armour.
Your flesh is heat resistant. (rF+)
You are cold-blooded and may be slowed by cold attacks.


Message History

The kobold demonologist hits you but does no damage.
The red devil misses you.
You hit the kobold demonologist.
The kobold demonologist begins to glow.
You tail-slap the kobold demonologist.
You kill the kobold demonologist!
The Shining One accepts your kill.
You feel better.
The white imp disappears in a puff of smoke!
The smoke demon disappears in a puff of smoke!
The rust devil disappears in a puff of smoke!
The chaos spawn gores you!
* * * LOW HITPOINT WARNING * * *
The chaos spawn shocks you!
* * * LOW HITPOINT WARNING * * *
The red devil hits you from afar with a +0 trident!!
The Shining One protects you from harm!
Barbed spikes become lodged in your body.
Your Fighting skill increases to level 3!
Your Unarmed Combat skill increases to level 10!
Your Shapeshifting skill increases to level 10!
You feel much better.
The kobold demonologist casts a spell.
The chaos spawn hits you.
The red devil hits you but does no damage.
You hit the kobold demonologist.
The kobold demonologist begins to glow.
Your tail-slap misses the kobold demonologist.
The kobold demonologist is almost dead.
The kobold demonologist looks satisfied for a moment.
The chaos spawn gores you.
You feel your power leaking away.
You barely miss the kobold demonologist.
The kobold demonologist is almost dead.
The red devil hits you but does no damage.
You barely miss the kobold demonologist.
The kobold demonologist is almost dead.
The kobold demonologist hits you with a +0 dagger.
The chaos spawn gores you.
* * * LOW HITPOINT WARNING * * *
The red devil hits you from afar with a +0 trident!
You die...

#####################
.'..#..').#__#..pK5.#
.#..[..#..'..'..#4.5#
###'#####'#__####.4.+
##..#...#.#### ####
_####..##.#
____##'#_.+
.∩...†..._#
..__##_.#'#
____###+#.#


You could see a kobold demonologist (contam, misshapen), a chaos spawn
(summoned), a red devil (summoned), a quasit (summoned) and a shadow imp
(summoned).

Vanquished Creatures
  A kobold demonologist (D)
  A slime creature (D)
  A yak (D)
  A floating eye (D)
  An ogre (D)
  A jelly (D)
  Ijyb (D)
7 creatures vanquished.

Vanquished Creatures (collateral kills)
  Sigmund (D)
1 creature vanquished.

Grand Total: 8 creatures vanquished

Notes
Turn   | Place    | Note
-------+----------+-------------------------------------------
     0 | D        | AiryTheDragon the Draconian Shapeshifter began the quest
                  | for the Orb.
     0 | D        | Reached XP level 1. HP: 16/16 MP: 1/1
     2 | D        | Noticed Ijyb
     8 | D        | Killed Ijyb
     9 | D        | Reached XP level 2. HP: 23/23 MP: 2/2
    42 | D        | Noticed an ogre
    48 | D        | Noticed Sigmund
    54 | D        | Killed Sigmund
    55 | D        | Reached XP level 3. HP: 18/29 MP: 3/3
    55 | D        | Reached XP level 4. HP: 22/36 MP: 4/4
    55 | D        | Reached XP level 5. HP: 25/41 MP: 5/5
    78 | D        | Found a burning altar of Makhleb.
    78 | D        | Found a viscous altar of Jiyva.
    78 | D        | Found a shimmering altar of Xom.
    78 | D        | Found a corrupted altar of Lugonu.
    78 | D        | Noticed a slime creature
    87 | D        | Killed an ogre
    90 | D        | Killed a slime creature
    91 | D        | Reached skill level 5 in Evocations
    91 | D        | Reached XP level 6. HP: 29/50 MP: 6/6
   164 | D        | Found an ornate altar of the Wu Jian Council.
   164 | D        | Found a shimmering blue altar of Sif Muna.
   166 | D        | Found a radiant altar of Vehumet.
   192 | D        | Found Mamim's Weapon Emporium.
   192 | D        | Found an ancient bone altar of Kikubaaqudgha.
   192 | D        | Found a hazy altar of Hepliaklqana.
   192 | D        | Found a hide-covered altar of Uskayaw.
   192 | D        | Found a basalt altar of Yredelemnul.
   192 | D        | Found an opulent altar of Gozag.
   192 | D        | Found a snail-covered altar of Cheibriados.
   192 | D        | Found a sacrificial altar of Ru.
   192 | D        | Found a shadowy altar of Dithmenos.
   192 | D        | Noticed a yak
   195 | D        | Killed a yak
   196 | D        | Your scales start taking on a fiery red colour.
   196 | D        | Reached XP level 7. HP: 52/56 MP: 7/7
   196 | D        | Gained mutation: Your flesh is heat resistant. (rF+) [Red
                  | Draconian growth]
   196 | D        | Found a stormy altar of Qazlal.
   196 | D        | Found a blossoming altar of Fedhas.
   196 | D        | Found a bloodstained altar of Trog.
   196 | D        | Found an iron altar of Okawaru.
   196 | D        | Found a glowing golden altar of the Shining One.
   196 | D        | Found a glowing silver altar of Zin.
   196 | D        | Found a white marble altar of Elyvilon.
   197 | D        | Found a sparkling altar of Nemelex Xobeh.
   203 | D        | Became a worshipper of the Shining One
   209 | D        | Bought 5 boomerangs for 130 gold pieces
   239 | D        | Noticed a kobold demonologist
   240 | D        | Noticed a kobold demonologist
   240 | D        | Reached * piety under the Shining One
   242 | D        | Noticed a chaos spawn
   243 | D        | Noticed a smoke demon
   247 | D        | Noticed a red devil
   249 | D        | Noticed a rust devil
   250 | D        | Killed a kobold demonologist
   250 | D        | The Shining One protects you from harm!
   251 | D        | Reached skill level 10 in Unarmed Combat
   251 | D        | Reached skill level 10 in Shapeshifting
   254 | D        | Slain by a red devil

Illustrated notes

Levels and vault maps discovered:
D:        dungeon_sprint_1 [red_sonja_temple_1, red_sonja_temple_small_1]

Skill      XL: |  1  2  3  4  5  6  7 |
---------------+----------------------+-----
Dodging        | 2 3 4 |  4.7
Unarmed Combat | 4 7 8 9 10 | 10.3
Shapeshifting  | 4 7 8 9 10 | 10.4
Evocations     | 4 5 |  5.6
Fighting       | 2 3 |  3.2
Polearms       | 2 3 |  3.9

Action                     |  1- 3 |  4- 6 |  7- 9 || total
---------------------------+-------+-------+-------++-------
  Melee: Unarmed           |     5 |     7 |    12 ||    24
         Tailslap          |     2 |     2 |     2 ||     6
         Dagger            |     3 |       |       ||     3
         Halberd           |       |     4 |       ||     4
Ability: Breathe Fire      |       |       |     1 ||     1
  Evoke: Wand              |     2 |       |       ||     2
    Use: Potion            |     1 |       |     1 ||     2
 Armour: Skin              |     3 |     5 |    16 ||    24
  Dodge: Dodged            |     1 |     2 |     5 ||     8
   Form: Flux              |       |     1 |       ||     1

Table legend: (Time is in decaauts)
 A = Elapsed time spent in this place.
 B = Non-inter-level travel time spent in this place.
 C = Inter-level travel time spent in this place.
 D = Time resting spent in this place.
 E = Time spent auto-exploring this place.
 F = Levels seen in this place.
 G = Mean time per level.
                   A        B        C        D        E       F      G
               +--------+--------+--------+--------+--------+-----+--------+
         Total |    262 |    262 |      0 |    107 |      0 |   1 |  262.0 |
       Dungeon |    262 |    262 |      0 |    107 |      0 |   1 |  262.0 |
               +--------+--------+--------+--------+--------+-----+--------+

Top non-repeatable levels by time:
       D: 262 daAuts
